 Dungeon Crawl Stone Soup version 0.18.1-5-g4a78601 (webtiles) character file.

620 tyrsky the Magician (level 7, -5/36 HPs)
             Began as a Gargoyle Earth Elementalist on May 14, 2016.
             Was an Initiate of Vehumet.
             Slain by Duvessa
             ... wielding a +0 short sword
              (10 damage)
             ... on level 5 of the Dungeon.
             The game lasted 00:24:32 (4209 turns).

tyrsky the Magician (Gargoyle Earth Elementalist)   Turns: 4209, Time: 00:24:33

Health: -5/36      AC: 12    Str: 11    XL:     7   Next: 46%
Magic:  1/15       EV: 12    Int: 18    God:    Vehumet [......]
Gold:   57         SH:  0    Dex: 13    Spells: 6 memorised, 3 levels left

rFire  . . .     SeeInvis +     D - +0 quarterstaff (drain)
rCold  + . .     Gourm    .     a - +0 robe
rNeg   + . .     Faith    .     (shield currently unavailable)
rPois  ∞         Spirit   .     s - +2 helmet {SInv}
rElec  +         Dismiss  .     C - +2 cloak
rCorr  .         Reflect  .     (no gloves)
SustAt .         Harm     .     (no boots)
MR     .....                    (no amulet)
Stlth  ++........               w - ring of protection from cold
                                v - +3 ring of dexterity

@: not resistant to hostile enchantments, unstealthy
A: negative energy resistance 1, electricity resistance, unbreathing,
petrification resistance, rot immunity, AC +4
a: Renounce Religion


You were on level 5 of the Dungeon.
You worshipped Vehumet.
Vehumet was noncommittal.
You were not hungry.

You visited 2 branches of the dungeon, and saw 7 of its levels.

You collected 225 gold pieces.
You spent 168 gold pieces at shops.

Inventory:

Hand Weapons
 h - a +0 short sword
 t - a +0 dagger of flaming
 D - a +0 quarterstaff of draining (weapon)
 E - a +0 antimagic short sword
Missiles
 b - 174 stones (quivered)
Armour
 a - a +0 robe (worn)
 s - a +2 helmet of see invisible (worn)
 C - a +2 cloak (worn)
Jewellery
 v - a +3 ring of dexterity (left hand)
 w - a ring of protection from cold (right hand)
Scrolls
 l - a scroll of fog
 p - a scroll of enchant armour
 u - a scroll of remove curse
Potions
 f - 2 potions of lignification
 k - a potion of agility
 m - a potion of berserk rage
 z - a potion of mutation
Books
 c - a book of Geomancy

   Spells                             Type                      Level
   a - Sandblast                      Earth                        1
   b - Passwall                       Transmutation/Earth          2
   c - Stone Arrow                    Conjuration/Earth            3
   d - Petrify                        Transmutation/Earth          4
   e - Lee's Rapid Deconstruction     Earth                        5
 e - a book of Annihilations

   Spells                             Type                      Level
   a - Poison Arrow                   Conjuration/Poison           6
   b - Chain Lightning                Conjuration/Air              8
   c - Lehudib's Crystal Spear        Conjuration/Earth            8
   d - Glaciate                       Conjuration/Ice              9
   e - Fire Storm                     Conjuration/Fire             9
 o - a book of Minor Magic

   Spells                             Type                      Level
   a - Magic Dart                     Conjuration                  1
   b - Blink                          Translocation                2
   c - Call Imp                       Summoning                    2
   d - Repel Missiles                 Charms/Air                   2
   e - Slow                           Hexes                        2
   f - Conjure Flame                  Conjuration/Fire             3
   g - Mephitic Cloud                 Conjuration/Poison/Air       3
 B - the Collected Works on Transmigration
   (You found it on level 4 of the Dungeon)

   Spells                             Type                      Level
   a - Ice Form                       Ice/Transmutation            4
   b - Irradiate                      Conjuration/Transmutation    5
   c - Dragon Form                    Transmutation                7
Comestibles
 d - a bread ration
 g - a slice of pizza
 i - 7 chunks of flesh
 j - 4 fruits
 x - a meat ration


   Skills:
 - Level 1.5 Dodging
 - Level 2.1 Stealth
 * Level 5.6 Spellcasting
 + Level 3.9 Conjurations
   Level 0.7 Transmutations
 + Level 5.6 Earth Magic


You had 3 spell levels left.
You knew the following spells:

 Your Spells              Type           Power        Failure   Level  Hunger
a - Sandblast             Erth           ####..       1%          1    None
b - Stone Arrow           Conj/Erth      ###...       6%          3    ##.....
c - Blink                 Tloc           N/A          21%         2    None
d - Conjure Flame         Conj/Fire      ##......     21%         3    ##.....
e - Repel Missiles        Chrm/Air       #.....       21%         2    None
f - Mephitic Cloud        Conj/Pois/Air  #.......     24%         3    ##.....


Dungeon Overview and Level Annotations

Branches:
Dungeon (6/15)             Temple (1/1) D:5

Altars:
Cheibriados
Dithmenos
Nemelex Xobeh
Pakellas
Ru
Vehumet

Shops:
D:4 (

Annotations:
D:5 Duvessa


Innate Abilities, Weirdness & Mutations

You are resistant to torment.
Your stone body is resilient (AC +4).
You are immune to poison.
You resist negative energy.
You are resistant to electric shocks.
You can survive without breathing.
You are immune to petrification.
You are immune to rotting.


Message History

Duvessa hits you with a short sword.
* * * LOW HITPOINT WARNING * * *
Casting: Stone Arrow
Confirm with . or Enter, or press ? or * to list all spells.
You don't have enough magic to cast that spell.
Drink which item? (? for menu, Esc to quit)
Okay, then.
Read which item? (? for menu, Esc to quit)
Okay, then.
Drink which item? (? for menu, Esc to quit)
Okay, then.
Casting: Stone Arrow
Confirm with . or Enter, or press ? or * to list all spells.
Aiming: Sandblast
Press: ? - help, Shift-Dir - straight line, f/p - Duvessa
Aim: Duvessa, wielding a short sword (heavily wounded, berserk, fast, unusually strong)
The blast of sand hits Duvessa.
Duvessa is severely wounded.
Duvessa hits you with a short sword!
You die...

*,,,* **..?..***,,**
######## **_** *#...,#
*,,,, ≈≈≈≈≈≈≈#
*#########..#.###.**,
§≈≈≈§≈≈#
#.)....##........,,*
§≈≈≈≈§≈#
######.##.#**,,,,,**
####≈≈≈# #...#.#
******,* ...#######
###...#)# **,
.>.......#######.s....>#
**
...#####...<....9e.....#
*
####≈≈≈###.#####.......#
≈≈≈≈≈≈≈# #.# ###...###
≈≈≈≈≈§§###.# #...#
§§≈≈§≈≈#...# ##.##
############ *..#
******** ,* #.##
*,,,,,,, ,* *,* *,******
,*** **,** *,*


You could see Duvessa (berserk) and a giant cockroach.

Vanquished Creatures
  An ogre (D:5)
  Dowan (D:5)
  A howler monkey (D:5)
  An orc priest (D:3)
  3 orc wizards
  A centaur skeleton (D:4)
  A worker ant (D:4)
  2 iguanas (D:4)
  Robin (D:3)
  3 gnolls (D:3)
  A howler monkey skeleton (D:4)
  5 adders
  2 worms
  9 dart slugs
  8 giant geckos
  11 orcs
  4 giant cockroaches
  12 hobgoblins
  9 jackals
  9 kobolds
  3 quokkas
  A ball python (D:3)
  A bat (D:3)
  A giant gecko skeleton (D:4)
  3 giant newts
  14 goblins
  A quokka skeleton (D:4)
  5 rats
114 creatures vanquished.

Notes
Turn   | Place    | Note
--------------------------------------------------------------
     0 | D:1      | tyrsky the Gargoyle Earth Elementalist began the quest for the Orb.
     0 | D:1      | Reached XP level 1. HP: 10/10 MP: 3/3
   192 | D:1      | Reached XP level 2. HP: 13/15 MP: 2/5
   506 | D:2      | Reached XP level 3. HP: 13/19 MP: 0/7
   511 | D:2      | Learned a level 3 spell: Stone Arrow
  1212 | D:2      | Reached skill level 1 in Conjurations
  1212 | D:2      | Reached XP level 4. HP: 24/24 MP: 3/9
  1375 | D:3      | Found an oddly glowing altar of Pakellas.
  1461 | D:3      | Reached XP level 5. HP: 4/28 MP: 0/10
  2389 | D:4      | Reached XP level 6. HP: 18/32 MP: 0/12
  2727 | D:4      | Noticed Robin
  2771 | D:3      | Killed Robin
  2805 | D:4      | Reached skill level 5 in Earth Magic
  2952 | D:4      | Learned a level 2 spell: Blink
  2956 | D:4      | Learned a level 3 spell: Conjure Flame
  2959 | D:4      | Learned a level 2 spell: Repel Missiles
  2963 | D:4      | Learned a level 3 spell: Mephitic Cloud
  3351 | D:4      | Identified the Collected Works on Transmigration
  3382 | D:4      | Found Maaclyso's Antique Weapon Shoppe.
  3432 | D:3      | Reached skill level 5 in Spellcasting
  3705 | D:4      | Reached XP level 7. HP: 13/36 MP: 0/14
  3905 | D:4      | Bought a runed quarterstaff for 96 gold pieces
  3906 | D:4      | Bought a runed short sword for 72 gold pieces
  4008 | D:5      | Entered Level 5 of the Dungeon
  4019 | D:5      | Found a staircase to the Ecumenical Temple.
  4028 | Temple   | Entered the Ecumenical Temple
  4034 | Temple   | Became a worshipper of Vehumet
  4107 | D:5      | Noticed Duvessa
  4107 | D:5      | Noticed Dowan
  4196 | D:5      | Killed Dowan
  4209 | D:5      | Slain by Duvessa

Skill      XL: |  1  2  3  4  5  6 |
---------------+-------------------+-----
Spellcasting   | 3 4 5 |  5.6
Earth Magic    | 4 5 |  5.6
Conjurations   | 1 2 3 |  3.9
Dodging        | |  1.5
Stealth        | |  2.1
Transmutations | |  0.7

Action                   |  1- 3 |  4- 6 |  7- 9 || total
-------------------------+-------+-------+-------++-------
Melee: Unarmed           |     3 |       |       ||     3
       Short sword       |       |    50 |       ||    50
       Dagger            |       |    16 |       ||    16
       Quarterstaff      |       |       |     1 ||     1
 Cast: Sandblast         |    80 |   214 |     7 ||   301
       Stone Arrow       |       |     5 |     7 ||    12
       Blink             |       |     2 |       ||     2
       Conjure Flame     |       |     1 |     1 ||     2
       Mephitic Cloud    |       |     1 |       ||     1
  Use: Scroll            |     1 |     5 |     7 ||    13
       Potion            |       |     3 |       ||     3
  Eat: Chunk             |     1 |     8 |     2 ||    11
Armor: Robe              |    13 |    86 |     3 ||   102
Dodge: Dodged            |    23 |   143 |     2 ||   168
